 Dungeon Sprint DCSS version 0.30-a0-847-g17996783a1 (webtiles) character file.

Game seed: 13396614282419802439

2904 dialectric the Basher (level 9, -2/66 HPs)
             Began as a Gargoyle Fighter on Mar 3, 2023.
             Was a Priest of Trog.
             Slain by a sphinx (3 damage)
             ... summoned by Kirke
             ... in the Dungeon (Sprint II: "The Violet Keep of Menkaure").
             The game lasted 00:05:44 (834 turns).

dialectric the Basher (Gargoyle Fighter)             Turns: 834, Time: 00:05:45

Health: -2/66      AC: 25    Str: 19    XL:     9   Next: 78%
Magic:  9/9        EV:  8    Int:  8    God:    Trog [***...]
Gold:   1047       SH:  0    Dex: 11    Spells: 8/8 levels left

rFire   + + .      SeeInvis .    a - +0 flail
rCold   + . .      Faith    .    (no shield)
rNeg    + + .      Spirit   .    u - +0 plate armour
rPois   ∞          Reflect  .    (helmet restricted)
rElec   +          Rampage  .    m - +0 cloak
rCorr   +          NoTele   +    (no gloves)
Will    .....                    g - +0 pair of boots of the Doldrums {Fly rElec rF+ rN+ Dex-2} Stlth
                                 (no amulet)
HPRegen 0.31/turn                (no ring)
MPRegen 0.11/turn                (no ring)

@: confused, resistant, flying, slowed, very slow
A: sickness immunity, AC +6, negative energy resistance 1, electricity
resistance, torment resistance 1, petrification resistance, antennae 1, weak 1
a: Renounce Religion, Berserk, Trog's Hand


You were in the Dungeon.
You worshipped Trog.
Trog was most pleased with you.
You visited 1 branch You collected 1249 gold pieces.
You spent 202 gold pieces at shops.

Inventory:

Hand Weapons
 a - a +0 flail (weapon)
Missiles
 n - 6 datura-tipped darts
 s - 5 curare-tipped darts (quivered)
Armour
 b - a +0 scale mail
 c - a +0 buckler
 g - the +0 pair of boots of the Doldrums (worn) {Fly rElec rF+ rN+ Dex-2}
   (You bought it in a shop in the Dungeon)

   Dex:       It affects your dexterity (-2).
   rF:        It protects you from fire.
   rElec:     It insulates you from electricity.
   rN:        It protects you from negative energy.
   Fly:       It grants you flight.
 m - a +0 cloak (worn)
 t - a +0 chain mail
 u - a +0 plate armour (worn)
Jewellery
 r - a +6 ring of strength
Scrolls
 f - 2 scrolls of fog
 j - a scroll of vulnerability {unknown}
 o - a scroll of amnesia
 p - a scroll of silence {unknown}
 q - 3 scrolls of identify {unknown}
Potions
 d - 3 potions of flight {unknown}
 h - 5 potions of magic
 k - 2 potions of resistance
 l - 2 potions of lignification {unknown}


   Skills:
 + Level 12.4 Fighting
 * Level 14.4 Maces & Flails
 - Level 1.2 Throwing
 + Level 12.6 Armour
 + Level 4.9 Dodging
 + Level 0.1 Stealth
 - Level 3.2 Shields


You had 8 spell levels left.
You didn't know any spells.
Your spell library was empty.

Dungeon Overview and Level Annotations

Branches:
Dungeon (1/1)

Altars:
Cheibriados
Dithmenos
Elyvilon
Fedhas
Gozag
Hepliaklqana
Kikubaaqudgha
Makhleb
Nemelex Xobeh
Okawaru
Qazlal
Ru
Sif Muna
Trog
Uskayaw
Vehumet
Wu Jian
Xom
Yredelemnul
Zin
The Shining One
Jiyva
Lugonu

Shops:
D (::(![*(==!:?![

Annotations:
D exclusion: oklob plant, Kirke, Roxanne


Innate Abilities, Weirdness & Mutations

You are immune to sickness and miasma.
Your stone body is resilient. (AC +6)
You are immune to poison.
You resist negative energy. (rN+)
You are resistant to electric shocks. (rElec)
You are resistant to unholy torment.
You are immune to petrification.
You have a pair of small antennae on your head.
You are weak. (Str -2)


Message History

The sphinx closely misses you. The sphinx hits you but does no damage.
The sphinx barely misses you. The sphinx attacks as you move away!
The sphinx hits you!
The sphinx hits you but does no damage. x2
You hit the sphinx but do no damage. The sphinx hits you! The sphinx hits you.
The sphinx hits you but does no damage. x3; The sphinx closely misses you.
You thump the sphinx!
The sphinx is moderately wounded.
The sphinx hits you but does no damage. The sphinx barely misses you.
The sphinx hits you but does no damage.
You thump the sphinx!
The sphinx is moderately wounded.
The sphinx hits you but does no damage. x2; The sphinx hits you.
You feel much better.
The sphinx hits you but does no damage. x2
The sphinx barely misses you. The sphinx hits you!
The sphinx hits you but does no damage. The sphinx barely misses you.
As you read the scroll labelled LEGUIDYKAO, it crumbles to dust.
It is a scroll of amnesia.
You feel forgetful for a moment.
You recover from your berserk rage.
The sphinx closely misses you.
The sphinx hits you but does no damage. x2
As you read the scroll labelled WILELUR XAMADUCW, it crumbles to dust.
The scroll dissolves into smoke.
It was a scroll of fog.
The sphinx mumbles some strange words.
Something smites you!
* * * LOW HITPOINT WARNING * * *
The sphinx casts a spell.
You barely resist.
Unknown command.
You hit the sphinx.
The sphinx is moderately wounded.
The sphinx hits you but does no damage. x2; The sphinx closely misses you.
You thump the sphinx!
The sphinx is heavily wounded.
The sphinx casts a spell.
You are confused.
You bump into the rock wall.
The sphinx hits you!
* * * LOW HITPOINT WARNING * * *
The sphinx hits you but does no damage. x3; The sphinx hits you.
You die...

# '.§§~~8...~~# +..
.c####§§~.~.~~§ #.. .c.~##.§§.§..
#.. #########c~#'§§#§'+## #[
########~z@..z§c....# #°
......∩#~~~~.##h##..# #. .#)
.....∩.#~~~~##.{{##.#### +.##.#)
....∩.∩#~~~~#..##H# ...# ..k###
.∩.∩.∩.#~~######@####..## #..##.
∩.∩.∩..#~##.###§###.##..# +..#.†
.∩.∩...#~##..##§##.#.#..# #^.#..
..⌠....')'.##'.<.'###†..####^.##.
.......#~##..##.##.#.#....###.^.#
▓▓▓▓▓###~##.###'###.##......~~~~~
HD######~~####.).####~~.....~#'##
.H#S ##~~~#..#..#~~~~~~~..~#.._


PH+S$ #'#~##...##~~~~~~§~.~#._. You could see a sphinx (summoned).

Vanquished Creatures
  A merfolk siren (D)
  A yaktaur (D)
  A hornet (D)
  3 polar bears (D)
  A blink frog (D)
  2 wyverns (D)
  4 neqoxecs (D)
  Menkaure (D)
  A swamp drake (D)
  A water moccasin (D)
  4 scorpions (D)
20 creatures vanquished.

Vanquished Creatures (others)
  8 tentacles (D)
8 creatures vanquished.

Grand Total: 28 creatures vanquished

Notes
Turn   | Place    | Note
-------+----------+-------------------------------------------
     0 | D        | dialectric the Gargoyle Fighter began the quest for the
                  | Orb.
     0 | D        | Reached XP level 1. HP: 14/14 MP: 1/1
     8 | D        | Noticed a scorpion
     8 | D        | Noticed a scorpion
     8 | D        | Noticed a scorpion
     8 | D        | Noticed a scorpion
    13 | D        | Killed a scorpion
    14 | D        | Reached skill level 5 in Fighting
    14 | D        | Reached skill level 3 in Maces & Flails
    14 | D        | Reached skill level 5 in Armour
    14 | D        | Reached XP level 2. HP: 15/21 MP: 2/2
    14 | D        | Reached XP level 3. HP: 19/26 MP: 3/3
    14 | D        | Reached XP level 4. HP: 22/31 MP: 4/4
    15 | D        | Killed a scorpion
    16 | D        | Reached skill level 4 in Maces & Flails
    25 | D        | Killed a scorpion
    26 | D        | Reached XP level 5. HP: 21/38 MP: 5/5
    28 | D        | Reached skill level 5 in Maces & Flails
    28 | D        | Reached XP level 6. HP: 25/44 MP: 6/6
    29 | D        | Noticed a neqoxec
    34 | D        | Killed a neqoxec
    35 | D        | Reached skill level 7 in Maces & Flails
    40 | D        | Noticed a wyvern
    40 | D        | Noticed a wyvern
    43 | D        | Killed a wyvern
    44 | D        | Reached skill level 8 in Maces & Flails
    44 | D        | Reached XP level 7. HP: 52/52 MP: 7/7
    48 | D        | Killed a wyvern
    49 | D        | Reached skill level 10 in Fighting
    49 | D        | Reached skill level 10 in Armour
    55 | D        | Noticed a merfolk siren
    71 | D        | Killed a merfolk siren
    72 | D        | Reached skill level 10 in Maces & Flails
    72 | D        | Reached XP level 8. HP: 47/59 MP: 8/8
    86 | D        | Found Enwyteul's Jewellery Emporium.
    86 | D        | Found Vywolin's Distillery.
    86 | D        | Found Suinaes's Magic Scroll Emporium.
    86 | D        | Found Jepin's Weapon Shoppe.
    86 | D        | Found Gyschenwa's Jewellery Shoppe.
   100 | D        | Found a stormy altar of Qazlal.
   100 | D        | Found an ornate altar of the Wu Jian Council.
   101 | D        | Found a hazy altar of Hepliaklqana.
   101 | D        | Found a sacrificial altar of Ru.
   102 | D        | Found a viscous altar of Jiyva.
   102 | D        | Found a shimmering blue altar of Sif Muna.
   103 | D        | Found a snail-covered altar of Cheibriados.
   103 | D        | Found an ancient bone altar of Kikubaaqudgha.
   103 | D        | Found a shimmering altar of Xom.
   103 | D        | Found a bloodstained altar of Trog.
   104 | D        | Found a shadowy altar of Dithmenos.
   104 | D        | Found a corrupted altar of Lugonu.
   105 | D        | Found a white marble altar of Elyvilon.
   105 | D        | Found a burning altar of Makhleb.
   106 | D        | Found a blossoming altar of Fedhas.
   108 | D        | Found an opulent altar of Gozag.
   108 | D        | Found a glowing golden altar of the Shining One.
   108 | D        | Found a basalt altar of Yredelemnul.
   108 | D        | Found a hide-covered altar of Uskayaw.
   108 | D        | Found a sparkling altar of Nemelex Xobeh.
   119 | D        | Found a glowing silver altar of Zin.
   119 | D        | Found a radiant altar of Vehumet.
   119 | D        | Found an iron altar of Okawaru.
   125 | D        | Became a worshipper of Trog the Wrathful
   138 | D        | Noticed a kraken
   160 | D        | Found the +18 shield of the Gong {Loud rN+ Will+ rCorr
                  | EV-5}
   261 | D        | Noticed a yaktaur
   261 | D        | Noticed a hornet
   261 | D        | Noticed a polar bear
   261 | D        | Noticed a polar bear
   261 | D        | Noticed a polar bear
   286 | D        | Found Veel's General Store.
   286 | D        | Found Qouwk's Antique Armour Emporium.
   286 | D        | Found Ostip's Book Shoppe.
   286 | D        | Found Dosod's Distillery.
   287 | D        | Found Fuost's Antique Armour Shoppe.
   287 | D        | Found Cupsaoz's Distillery.
   292 | D        | Noticed a blink frog
   298 | D        | Found Kutzenut's Weapon Emporium.
   298 | D        | Noticed Menkaure
   298 | D        | Noticed a fire dragon
   298 | D        | Noticed an oklob plant
   299 | D        | Found Yteyj's Book Shoppe.
   299 | D        | Found Likyw's Antique Weapon Emporium.
   299 | D        | Found Oloil's Book Shoppe.
   299 | D        | Noticed a manticore
   299 | D        | Noticed a manticore
   299 | D        | Noticed a manticore
   306 | D        | Killed a blink frog
   307 | D        | Reached skill level 11 in Maces & Flails
   320 | D        | Killed Menkaure
   320 | D        | Reached * piety under Trog
   355 | D        | Killed a yaktaur
   356 | D        | Reached skill level 12 in Maces & Flails
   437 | D        | Bought a pair of scorched boots for 152 gold pieces
   437 | D        | Identified the +0 pair of boots of the Doldrums {Fly rElec
                  | rF+ rN+ Dex-2} (You bought it in a shop in the Dungeon)
   451 | D        | Bought a potion of heal wounds for 50 gold pieces
   522 | D        | Killed a hornet
   523 | D        | Reached XP level 9. HP: 50/64 MP: 9/9
   527 | D        | Killed a polar bear
   527 | D        | Reached ** piety under Trog
   542 | D        | Killed a polar bear
   543 | D        | Reached skill level 13 in Maces & Flails
   543 | D        | Reached skill level 1 in Throwing
   571 | D        | HP: 1/65 [polar bear (15)]
   572 | D        | Killed a polar bear
   790 | D        | Gained mutation: You have a pair of small antennae on your
                  | head. [a neqoxec]
   791 | D        | Reached skill level 14 in Maces & Flails
   801 | D        | Reached *** piety under Trog
   803 | D        | Gained mutation: You are weak. (Str -2) [a neqoxec]
   809 | D        | Identified Roxanne's Textbook on Minerals
   809 | D        | Noticed Roxanne
   812 | D        | Noticed Kirke
   812 | D        | Noticed a yaktaur captain
   812 | D        | Noticed a skeletal warrior
   813 | D        | Noticed a centaur warrior
   821 | D        | Noticed a sphinx
   822 | D        | Noticed a polar bear
   834 | D        | HP: 1/66 [sphinx[Kirke] (16)]
   834 | D        | Slain by a sphinx

Illustrated notes

Levels and vault maps discovered:
D:        the_violet_keep_of_menkaure [sprint2_stairs_cluster_1,
          sprint2_shoproom, sprint2_temple, sprint2_basic_supplies,
          sprint2_obstacle_7, sprint2_obstacle_5, sprint2_obstacle_6,
          sprint2_obstacle_1, sprint2_obstacle_2, sprint2_timed_cluster_1,
          sprint2_smallroom_cluster_1, sprint2_smallroom_final_cluster_1,
          sprint2_transparent_cluster_1, sprint2_second_timed_cluster_1,
          sprint2_sniper_area_1, sprint2_heavy_combat_area_1,
          sprint2_mutation_trap_area_1, sprint2_forest_area_1,
          sprint2_light_combat_area_1, sprint2_behind_water_1,
          sprint2_near_end_vault_1]

Skill      XL: |  1  2  3  4  5  6  7  8  9 |
---------------+----------------------------+-----
Fighting       | 5 7 8 9 10 11 12 | 12.4
Maces & Flails | 3 4 5 8 10 12 14 | 14.4
Armour         | 5 7 9 10 11 12 | 12.6
Dodging        | 2 4 |  4.9
Throwing       | 1 |  1.2
Stealth        | |  0.1
Shields        | |  3.2

Action                     |  1- 3 |  4- 6 |  7- 9 || total
---------------------------+-------+-------+-------++-------
  Melee: Flail             |     4 |    20 |   130 ||   154
  Throw: Dart              |       |       |     2 ||     2
 Invoke: Berserk           |       |       |     1 ||     1
    Use: Potion            |     1 |     1 |     9 ||    11
         Scroll            |       |       |     3 ||     3
 Armour: Scale mail        |     2 |     8 |    20 ||    30
         Plate armour      |       |       |    98 ||    98
  Dodge: Dodged            |     3 |    11 |    56 ||    70

Table legend: (Time is in decaauts)
 A = Elapsed time spent in this place.
 B = Non-inter-level travel time spent in this place.
 C = Inter-level travel time spent in this place.
 D = Time resting spent in this place.
 E = Time spent auto-exploring this place.
 F = Levels seen in this place.
 G = Mean time per level.
                   A        B        C        D        E       F      G
               +--------+--------+--------+--------+--------+-----+--------+
         Total |    834 |    834 |      0 |    142 |    114 |   1 |  834.0 |
       Dungeon |    834 |    834 |      0 |    142 |    114 |   1 |  834.0 |
               +--------+--------+--------+--------+--------+-----+--------+

Top non-repeatable levels by time:
       D: 834 daAuts
